Cogmind - Beta 9.6 @@@ ROGUE MODE // 2020.05.30 @ 05:52:41 Player: Alexbot Result: Destroyed by G-34 Mercenary with Small Laser Performance ------------- Evolutions (0) 0 Regions Visited (2) 400 Robots Destroyed (12) 60 Value Destroyed (375) 375 Prototype IDs (0) 0 Alien Tech Used (0) 0 Bonus (0) 0 TOTAL SCORE: 835 Bonus ------- None Cogmind --------- Core Integrity 0/250 Matter 300/300 Energy 100/100 System Corruption 6% Temperature Cool (6) Movement Core (550) Ox10 Location -10/Mines Parts ------- > --- POWER (1) -------- (None) > --- PROPULSION (2) --- Aluminum Leg > --- UTILITY (2) ------ Large Storage Unit Large Storage Unit > --- WEAPON (2) ------- (None) > --- INVENTORY (16) --- Light Nuclear Core Improved Heat Sink Peak State ------------ > --- POWER ------------ Ion Engine > --- PROPULSION ------- Wheel Compact Wheel > --- UTILITY ---------- Small Storage Unit Large Storage Unit > --- WEAPON ----------- Small Laser Assault Rifle > --- INVENTORY -------- Ion Engine Light Treads Light Treads Medium Laser [Rating: 7] Favorites ----------- Power Ion Engine Engine Ion Engine Propulsion Light Treads Treads Light Treads Leg Aluminum Leg Wheel Compact Wheel Utility Large Storage Unit Storage Large Storage Unit Weapon Assault Rifle Energy Gun Small Laser Ballistic Gun Assault Rifle Build | -11 -10 -10 ------- Run | Scr Mat Min Slots Evolved . | . . . Power . | . . . Propulsion . | . . . Utility . | . . . Weapon . | . . . Parts Attached 14 | 6 8 . Power 2 | 1 1 . Engine 2 | 1 1 . Core . | . . . Reactor . | . . . Propulsion 5 | 2 3 . Treads 2 | . 2 . Leg 1 | . 1 . Wheel 2 | 2 . . Hover . | . . . Flight . | . . . Utility 3 | 1 2 . Device . | . . . Storage 3 | 1 2 . Processor . | . . . Hackware . | . . . Protection . | . . . Artifact . | . . . Weapon 4 | 2 2 . Energy Gun 3 | 1 2 . Energy Cannon . | . . . Ballistic Gun 1 | 1 . . Ballistic Cannon . | . . . Launcher . | . . . Special Weapon . | . . . Impact Weapon . | . . . Slashing Weapon . | . . . Piercing Weapon . | . . . Special Melee Weapon . | . . . Unidentified Prototypes . | . . . Parts Lost 10 | . 9 1 Power 2 | . 2 . Propulsion 4 | . 3 1 Utility . | . . . Weapon 4 | . 4 . Highest Loss Streak 3 | . 3 3 Average Slot Usage (%) 86 | . 87 42 Engine 12 | . 12 . Treads 11 | . 12 . Leg 1 | . . 14 Wheel 14 | . 14 . Storage 24 | . 24 28 Energy Gun 10 | . 10 . Ballistic Gun 9 | . 9 . Naked Turns . | . . . Heaviest Build 41 | 12 41 32 Greatest Support 40 | 26 40 10 Greatest Overweight (x) 3 | . 2 3 Average Overweight (x) . | . . 3 Largest Inventory Capacity 16 | 6 16 16 Average Capacity 12 | 5 13 16 Most Carried 5 | 4 5 2 Average Carried 3 | 1 3 2 Final Capacity 16 | 6 16 16 Final Carried 4 | 4 2 2 Class Distribution -------------------- 100% | Mutant Dominant Class ---------------- Mutant | -10/Materials Mutant | -10/Mines Resources | -11 -10 -10 ----------- Run | Scr Mat Min Matter Collected 369 | 177 192 . Remotely . | . . . Salvage Created 395 | . 395 . Parts 22 | . 22 . Haulers Intercepted . | . . . Recyclers Shooed . | . . . Parts Field Recycled . | . . . Retrieved Matter . | . . . Parts Self-Destructed . | . . . Prevented . | . . . Kills | -11 -10 -10 ------- Run | Scr Mat Min Combat Hostiles Destroyed 12 | . 12 . Melee 2 | . 2 . Guns 10 | . 10 . Classes Destroyed 2 | . 2 . Swarmer 3 | . 3 . Grunt 9 | . 9 . Best Kill Streak 3 | . 3 . Combat Bots Only 3 | . 3 . Max Kills in Single Turn 1 | . 1 . Gunslinging . | . . . Exploded . | . . . Melee 1 | . 1 . Uniques/NPCs Destroyed . | . . . Combat | -11 -10 -10 -------- Run | Scr Mat Min Damage Taken 1174 | . 1034 140 Core 256 | . 190 66 Absorbed by Shields . | . . . Core Remaining (%) 100 | 100 . . Volleys Fired 33 | . 33 . Largest 2 | . 2 . Hottest 90 | . 90 . Shots Fired 60 | . 60 . Gun 60 | . 60 . Cannon . | . . . Launcher . | . . . Special . | . . . Kinetic 23 | . 23 . Thermal 37 | . 37 . Explosive . | . . . Electromagnetic . | . . . Robot Hit Streak 16 | . 16 . Robot Miss Streak 3 | . 3 . Penetration Max . | . . . Secondary Targets 1 | . 1 . Max Gunslinging Chain 1 | . 1 . Shots Hit Robots 44 | . 44 . Core Hits 21 | . 21 . Critical Hits . | . . . Critical Kills . | . . . Critical Parts Destroyed . | . . . Melee Attacks . | . . . Impact . | . . . Slashing . | . . . Piercing . | . . . Sneak Attacks . | . . . Combat Hostiles . | . . . Follow-up Attacks . | . . . Damage Inflicted 520 | . 512 8 Guns 486 | . 486 . Cannons . | . . . Explosions . | . . . Melee . | . . . Ramming 34 | . 26 8 Kinetic 186 | . 186 . Thermal 300 | . 300 . Explosive . | . . . Electromagnetic . | . . . Impact . | . . . Slashing . | . . . Piercing . | . . . Highest Corruption 6 | . 4 6 Average Corruption 4 | . 3 5 Corruption Purged . | . . . Overload Shots . | . . . Overflow Damage . | . . . Projectiles . | . . . Explosions . | . . . Melee . | . . . Knockbacks . | . . . Impact . | . . . Kinetic . | . . . Secondary . | . . . Self-Inflicted Damage . | . . . Shots . | . . . Rammed 11 | . 8 3 Targets Rammed 13 | . 10 3 Kicked . | . . . Crushed 2 | . 2 . Highest Temperature 258 | . 258 . Average Temperature 78 | . 78 . Received Heat Transfer 405 | . 369 36 Effects 1 | . 1 . Energy Bleed 1 | . 1 . Siege Activations . | . . . Robots Corrupted . | . . . Combat Hostiles . | . . . Parts Fried . | . . . Impact Corruptions . | . . . Robots Melted . | . . . Combat Hostiles . | . . . Parts Melted . | . . . Heat Transferred 769 | . 769 . Parts Sabotaged . | . . . Parts Stolen . | . . . Parts Stripped . | . . . Power Chain Reactions . | . . . Missiles Intercepted . | . . . Alert | -11 -10 -10 ------- Run | Scr Mat Min Peak Influence 275 | . 275 34 Average Influence 122 | . 135 24 Maximum Alert Level 1 | . 1 . Low Security (%) 77 | 100 74 100 Level 1 22 | . 25 . Level 2 . | . . . Level 3 . | . . . Level 4 . | . . . Level 5 . | . . . High Security . | . . . Max Security . | . . . Squads Dispatched 1 | . 1 . Investigation . | . . . Extermination . | . . . Reinforcement 1 | . 1 . Assault . | . . . Garrison . | . . . Intercept . | . . . Construction Impeded . | . . . Haulers Reinforced . | . . . Stealth | -11 -10 -10 --------- Run | Scr Mat Min Distress Signals 3 | . 3 . Communications Jammed . | . . . Distress Signals . | . . . Times Spotted 33 | . 28 5 Peak Tracking Total 5 | . 5 5 Tactical Retreats 3 | . 3 . Traps | -11 -10 -10 ------- Run | Scr Mat Min Traps Triggered 4 | . 4 . Indirectly . | . . . Trap Hack Attempts . | . . . Triggered . | . . . Disarmed . | . . . Reprogrammed . | . . . Reused . | . . . Traps Extracted . | . . . Installed . | . . . Triggered . | . . . Machines | -11 -10 -10 ---------- Run | Scr Mat Min Machines Disabled . | . . . Max in Single Turn . | . . . Machines Sabotaged . | . . . Garrisons Compromised . | . . . Overloaded Fab Kills . | . . . Fab Network Shutdowns . | . . . Hacking | -11 -10 -10 --------- Run | Scr Mat Min Machines Accessed 2 | . 2 . Terminals 2 | . 2 . Fabricators . | . . . Repair Stations . | . . . Recycling Units . | . . . Scanalyzers . | . . . Garrison Access . | . . . Total Hacks 2 | . 2 . Successful 1 | . 1 . Failed 1 | . 1 . Catastrophic . | . . . Database Lockouts . | . . . Manual 2 | . 2 . Terminals 2 | . 2 . Fabricators . | . . . Repair Stations . | . . . Recycling Units . | . . . Scanalyzers . | . . . Garrison Access . | . . . Terminal Hacks 1 | . 1 . Branch Access Points 1 | . 1 . Fabricator Hacks . | . . . Repair Station Hacks . | . . . Recycling Unit Hacks . | . . . Scanalyzer . | . . . Garrison Access Hacks . | . . . Unauthorized Hacks . | . . . Terminals . | . . . Fabricators . | . . . Repair Stations . | . . . Recycling Units . | . . . Scanalyzers . | . . . Garrison Access . | . . . Data Cores Recovered . | . . . Used . | . . . Hacking Detections 1 | . 1 . Full Trace Events . | . . . Feedback Events . | . . . Feedback Blocked . | . . . Robot Schematics Acquired . | . . . Robots Built . | . . . Matter . | . . . Time . | . . . Total Robot Build Rating . | . . . Part Schematics Acquired . | . . . Parts Built . | . . . Matter . | . . . Time . | . . . Total Part Build Rating . | . . . Parts Repaired . | . . . Time . | . . . Parts Recycled . | . . . Recycled Matter . | . . . Retrieved Matter . | . . . Retrieved Components . | . . . Parts Scanalyzed . | . . . Part Schematics Acquired . | . . . Parts Damaged . | . . . Bothacking | -11 -10 -10 ------------ Run | Scr Mat Min Used RIF Installer . | . . . Robots Hacked . | . . . Non-combat . | . . . Combat . | . . . Robot Hacks Applied . | . . . Relay Couplers Released . | . . . Robots Rewired . | . . . Allies Hacked . | . . . Hacks Repelled . | . . . Allies | -11 -10 -10 -------- Run | Scr Mat Min Total Allies . | . . . Largest Group . | . . . Highest-Rated Group . | . . . Highest-Rated Ally . | . . . Total Orders . | . . . Ally Attacks . | . . . Total Damage . | . . . Kills . | . . . Allies Corrupted . | . . . Allies Melted . | . . . Intel | -11 -10 -10 ------- Run | Scr Mat Min Robot Analysis Total . | . . . Derelict Logs Recovered . | . . . Drone Launches . | . . . Drone Recoveries . | . . . Exploration | -11 -10 -10 ------------- Run | Scr Mat Min Turns Passed 588 | 45 526 17 Spaces Moved 332 | 38 292 2 Core 5 | 5 . . Treads 96 | . 96 . Legs 2 | . . 2 Wheels 229 | 33 196 . Hover . | . . . Flight . | . . . Fastest Speed 50 | 50 90 210 Average Speed 116 | 85 119 210 Slowest Speed 210 | 100 180 210 Overloaded Moves . | . . . Propulsion Burnouts . | . . . Robots Hopped . | . . . Cave-ins Triggered . | . . . Exploration Rate (%) 20 | 3 52 5 Regions Visited 2 Branch Regions 1 Pre-discovered Areas . | . . . Known Exits Taken 1 | . 1 . Unknown Exits Taken 1 | 1 . . Scrap Searched . | . . . Spaces Dug . | . . . Terrain Destroyed . | . . . Melee . | . . . Projectile . | . . . AOE . | . . . Actions | -11 -10 -10 --------- Run | Scr Mat Min Total 454 | 47 402 5 Wait 55 | . 55 . Move 330 | 37 291 2 Hop . | . . . Pick Up 8 | 4 4 . Fast Attach 7 | 6 1 . Attach 6 | . 6 . Detach . | . . . Swap 1 | . 1 . Drop 1 | . 1 . Fire 33 | . 33 . Melee . | . . . Ram 1 | . . 1 Kick 1 | . . 1 Crush 11 | . 10 1 Escape Stasis . | . . . Rewire . | . . . Trap . | . . . Miscellaneous . | . . . Route ------- -11/Scrapyard -10/Materials (discovered 2 exits: [*Mat] / *Min) -10/Mines (discovered 1 exit: [*Mat]) History --------- Turn | Location | Event 33 | -11/Scrapyard | Discovered new exit (range 13) 46 | -11/Scrapyard | Entered Materials 144 | -10/Materials | Discovered new exit (range 4) 261 | -10/Materials | Identified exit to Mines 325 | -10/Materials | Build established: Mutant 448 | -10/Materials | Core integrity fell below 50% 480 | -10/Materials | Lost 3 parts (3w) 572 | -10/Materials | Entered Mines 574 | -10/Mines | Core integrity fell below 20% 574 | -10/Mines | Discovered new exit (range 10) 589 | -10/Mines | Destroyed by G-34 Mercenary with Small Laser Last Messages --------------- 00543_ Lgt. Treads destroyed. 00554_ Triggered Shock Trap. 00554_ The floor emits a surge of raw power. 00554_ System corrupted (+2). 00556_ Triggered Shock Trap. 00556_ The floor emits a surge of raw power. 00556_ System corrupted (+2). 00564_ S-10 Pest destroyed. LOCATION=MINES GOAL=ESCAPE 00572_ Slammed into S-10 Pest. 00573_ Lgt. Treads destroyed. 00574_ Slammed into S-10 Pest. 00574_ Destabilizing: System corrupted (+2). 00574_ EXIT=FOUND 00574_ S-10 Pest destroyed. 00580_ K-01 Serf collects debris. 00584_ Slammed into G-47 Trooper. 00584_ Aluminum Leg permanently disabled. 00584_ Destabilizing: Short circuit. Map ----- +----------------------------------------------------+ | ??????????????????????????????? | | ??????????????????????????????? | | ??????????????????????????????? | | ??????????????????????????????? | | ??????????????????????????????? | | ??????????????????????????????? | | ??????????????????????????????? | | ??????????????????????????????? | | ??????????????????????????????? | | ??????????????????????????????? | | ????????????????????????? ???? | | ????????????????????????? ???? | | ????????????????????????? ???? | | ????????????????????????? ???? | | ????????????????????????# ???? | | ???????????????????????? u ???? | | ???????????????????????? ???? | | ???????????????????????? ???? | | ???????????????????????? ???? | | ????????????????????????< ???? | | ???????????????????????? #???? | | ????????????????????????# #???? | | ????????????????????????# #???? | | ????????????????????????# #???? | | ????????????????????????#g#???? | | ????????????????????????#@#???? | | ????????????????????????#g#???? | | ????????????????????????#s#???? | | ????????????????????????#s#???? | | ????????????????????#####*##??? | | ????????????????????# #??? | | ????????????????????# #??? | | ????????????????????# """ #??? | | ????????????????????# """ #??? | | ????????????????????# """ #??? | | ????????????????????# #??? | | ????????????????????# """ #??? | | ???????????????????????"" #??? | | ????????????????????????" #??? | | ???????????????????????? #??? | | ????????????????????????####??? | | ??????????????????????????????? | | ??????????????????????????????? | | ??????????????????????????????? | | ??????????????????????????????? | | ??????????????????????????????? | | ??????????????????????????????? | | ??????????????????????????????? | | ??????????????????????????????? | | ??????????????????????????????? | +----------------------------------------------------+ Best States ------------- Heat Dissipation 25 Energy Generation 10 Energy Capacity 250 Matter Stores 300 Matter Capacity 300 Sight Range 16 Terrain Scan Density 10 Evasion (%) 42 Recoil Reduction 2 Item Schematics ----------------- None Robot Schematics ------------------ None Fabricated ------------ Nothing Alien Tech Used ----------------- None Achievements -------------- None Challenges ------------ None Game ------ Seed RestorationMeleeHammer Manual? 0 Play Time 00:04:01 Cumulative 787.0 hours Start 2020.05.30 @ 05:48:52 End 2020.05.30 @ 05:52:41 Sessions 1 Manual Loads 0 Difficulty Rogue Special Mode None Game No. 225 Rogue 225 Adventurer 0 Explorer 0 Win Type - Total 41 Types 32/0/2/3/2/1/1 Lore% 96 Gallery% 98 Achievement% 94 Wizard Run 0 Options --------- ASCII 0 Keyboard 1 Movement Numpad Keybinds 0 Fullscreen 1 Font 18/SmallcapsGlow Map View 76x50 Tactical HUD 1 Map Filters NONE Filters NONE Steam 1 RUN: a26f9f66-0807-49ba-9dc6-d61dba3cadbc